Map: [ESL] Oceanborn

Players

Dark - Winner!

  • Race: Zerg Zerg
  • Spawn Location: 11:00

Cure

  • Race: Terran Terran
  • Spawn Location: 5:00

Event: ESL Spring 2024 Finals

VOD

Have the link to the VOD?

Description

Time

  • Played on: May 31, 2024, 6:06 p.m.
  • Length: 23:58

All games in this series

Show
View Real Time Build Order
Export as new Build Order

Dark Zerg - Winner!

Build Orders: Hatch First 

Get SALT Encoding   

  12  0:00  Drone  
  13  0:12  Overlord  
  13  0:17  Drone  
  14  0:30  Drone x2  
  16  0:49  Hatchery  
  15  0:52  Drone  
  15  0:56  Drone  
  17  1:00  Drone  
  18  1:13  Spawning Pool  
  18  1:16  Drone  
  18  1:19  Drone  
  19  1:29  Drone  
  20  1:40  Drone  
  20  1:45  Hatchery  
  20  1:51  Drone  
  21  2:00  Queen  
  23  2:02  Zergling x4  
  25  2:10  Queen  
  25  2:14  Overlord  
  27  2:20  Drone  
  28  2:33  Drone x2  
  28  2:34  Drone x2  
  32  2:38  Queen  
  32  2:43  Overlord  
  34  2:49  Queen  
  36  2:51  Overlord  
  36  2:58  Queen  
  36  2:59  Drone  
  36  3:03  Drone  
  36  3:05  Drone  
  41  3:06  Drone  
  41  3:08  Drone  
  41  3:10  Drone  
  44  3:15  Drone x2  
  44  3:16  Drone  
  47  3:22  Drone x3  
  47  3:25  Extractor  
  49  3:27  Extractor  
  49  3:30  Drone  
  49  3:32  Drone, Roach Warren  
  49  3:33  Drone  
  50  3:38  Overlord  
  50  3:39  Drone  
  51  3:46  Drone x3  
  55  3:48  Drone  
  55  3:50  Drone x2  
  57  3:56  Overlord  
  57  3:57  Drone x4  
  61  4:06  Overlord  
  61  4:08  Overlord  
  61  4:12  Drone  
  61  4:14  Roach x3  
  61  4:15  Roach  
  70  4:21  Overlord  
  70  4:22  Roach  
  72  4:24  Overlord  
  72  4:28  Roach  
  72  4:29  Extractor  
  72  4:30  Roach  
  75  4:37  Roach  
  75  4:38  Drone x2, Overlord  
  77  4:39  Drone x2  
  77  4:40  Overlord  
  77  4:42  Drone  
  82  4:46  Drone x3  
  82  4:51  Roach  
  87  4:54  Overlord  
  87  4:56  Drone  
  88  5:00  Overlord  
  88  5:02  Overlord  
  88  5:04  Overlord  
  88  5:06  Overlord, Extractor  
  88  5:07  Overlord  
  87  5:09  Lair  
  87  5:11  Overlord, Extractor x2  
  87  5:13  Drone x5  
  88  5:17  Drone x3  
  88  5:19  Drone  
  92  5:22  Drone  
  92  5:24  Spore Crawler  
  83  5:38  Drone x6  
  83  5:39  Drone  
  85  5:43  Spore Crawler  
  85  5:44  Spore Crawler  
  85  5:45  Drone  
  85  5:48  Drone x2  
  86  5:52  Drone x2  
  86  5:53  Hatchery, Drone  
  86  5:55  Drone x2  
  90  5:58  Drone x2  
  90  5:59  Drone  
  90  6:01  Drone  
  94  6:05  Drone  
  94  6:06  Evolution Chamber x2  
  94  6:10  Glial Reconstitution  
  93  6:12  Infestation Pit  
  93  6:13  Queen  
  93  6:15  Drone  
  93  6:17  Drone x2  
  98  6:18  Drone  
  98  6:20  Drone  
  98  6:24  Drone x3  
  99  6:32  Baneling Nest  
  98  6:33  Drone  
  98  6:36  Drone x3  
  98  6:37  Drone x3  
  98  6:38  Zerg Melee Weapons Level 1  
  98  6:39  Zerg Ground Armor Level 1  
  104  6:40  Overseer  
  104  6:44  Spore Crawler  
  103  6:47  Infestor  
  103  6:48  Infestor  
  103  6:51  Hive  
  103  6:53  Roach  
  109  6:57  Roach x2  
  110  7:05  Drone x3  
  110  7:06  Drone  
  113  7:10  Roach  
  113  7:11  Roach x5  
  113  7:12  Ravager x3  
  128  7:16  Centrifugal Hooks, Zergling x4  
  128  7:18  Zergling x4  
  132  7:26  Zergling x16  
  132  7:27  Metabolic Boost  
  140  7:46  Hatchery, Zergling x18  
  148  7:53  Ravager  
  148  7:57  Zergling x4  
  151  8:02  Zergling x2  
  151  8:03  Zergling x4  
  154  8:06  Viper x2  
  154  8:08  Zergling x14  
  154  8:09  Ultralisk Cavern  
  154  8:10  Overlord x2  
  166  8:15  Zergling x2  
  167  8:22  Overlord  
  167  8:23  Overlord  
  167  8:25  Overlord  
  167  8:28  Overlord  
  167  8:29  Zergling x16  
  167  8:30  Zergling x2  
  167  8:32  Zerg Melee Weapons Level 2  
  167  8:33  Zerg Ground Armor Level 2  
  176  8:35  Zergling x2  
  176  8:36  Zergling x2  
  176  8:39  Zergling x2  
  179  8:46  Zergling x4  
  181  8:55  Zergling x16  
  186  8:59  Ravager  
  186  9:00  Ravager  
  186  9:01  Zergling x2  
  189  9:08  Baneling x10, Zergling x6  
  189  9:09  Zergling x10  
  191  9:10  Zergling x4  
  187  9:21  Chitinous Plating  
  185  9:24  Ultralisk x2  
  185  9:25  Zergling x4  
  199  9:35  Adrenal Glands  
  165  9:46  Zergling x16  
  165  9:47  Zergling x12  
  165  9:51  Zergling x2  
  170  9:54  Ultralisk  
  170  9:58  Zergling x4  
  178  10:01  Ultralisk  
  178  10:02  Zergling x8  
  178  10:04  Zergling x2  
  178  10:05  Zergling x2  
  190  10:07  Baneling x5  
  190  10:08  Zergling x2  
  188  10:14  Zergling x20  
  188  10:20  Zergling x4  
  199  10:27  Zergling x2  
  200  10:32  Baneling x10  
  200  10:39  Anabolic Synthesis  
  200  10:48  Hatchery  
  198  10:50  Zergling x4  
  198  10:53  Zergling x2  
  142  11:07  Ultralisk x2  
  126  11:14  Zergling x40  
  140  11:20  Drone x2  
  140  11:24  Overseer  
  142  11:31  Burrow  
  142  11:32  Zergling x10  
  147  11:33  Spore Crawler  
  147  11:38  Pneumatized Carapace  
  147  11:39  Drone x2  
  147  11:43  Zergling x4, Ultralisk  
  155  11:47  Zergling x6  
  158  11:54  Zergling x12  
  158  11:55  Zergling x2  
  158  12:00  Hatchery, Drone  
  164  12:01  Baneling x7  
  164  12:04  Zergling x12  
  164  12:06  Zergling x2  
  164  12:07  Zergling x6  
  174  12:13  Zergling x4  
  173  12:17  Drone x3  
  173  12:18  Ultralisk  
  173  12:21  Zergling x12  
  188  12:29  Zergling x2  
  192  12:30  Zergling x8  
  192  12:33  Zergling x2  
  192  12:34  Baneling x6  
  192  12:35  Zergling x2  
  195  12:41  Zergling x8  
  199  12:47  Extractor  
  199  12:48  Zergling x2  
  198  12:55  Zergling x4  
  186  13:17  Ultralisk x4  
  197  13:21  Zergling x2  
  197  13:24  Zergling x2  
  199  13:27  Baneling x6  
  176  13:34  Zergling x8  
  176  13:35  Zergling x10  
  176  13:38  Zergling x12  
  169  13:46  Ultralisk  
  169  13:47  Zergling x2  
  168  13:49  Zergling x2  
  165  13:58  Baneling x9  
  151  14:03  Overlord x2  
  151  14:05  Overlord  
  139  14:20  Spawning Pool, Baneling x2  
  139  14:21  Baneling x4  
  132  14:24  Ultralisk  
  138  14:36  Drone x4  
  118  14:46  Drone x2  
  120  14:58  Hatchery  
  115  15:04  Hatchery  
  115  15:05  Drone x2  
  115  15:06  Drone x3  
  110  15:10  Extractor  
  110  15:11  Drone, Baneling Nest  
  109  15:17  Drone  
  109  15:18  Drone  
  111  15:31  Zergling x4  
  108  15:39  Drone  
  108  15:43  Extractor  
  107  15:53  Extractor  
  107  15:55  Zergling x6  
  109  16:02  Drone x2  
  111  16:10  Drone x2  
  113  16:13  Drone  
  113  16:14  Drone  
  113  16:16  Drone  
  116  16:21  Zergling x4  
  116  16:23  Drone  
  119  16:26  Drone  
  119  16:30  Drone x2  
  119  16:32  Drone x2  
  124  16:36  Evolution Chamber  
  124  16:38  Zergling x2, Lair  
  124  16:39  Zergling x4  
  126  16:47  Baneling  
  126  16:48  Baneling x9  
  126  16:49  Zergling x12  
  126  16:52  Hatchery  
  131  16:59  Zergling x14  
  138  17:03  Drone, Zerg Missile Weapons Level 1  
  138  17:06  Hatchery  
  138  17:08  Drone x3  
  138  17:09  Drone  
  138  17:10  Drone  
  143  17:18  Drone x2  
  143  17:21  Overlord x2  
  144  17:32  Baneling  
  143  17:37  Infestation Pit  
  143  17:39  Baneling x9  
  143  17:42  Zergling x8  
  143  17:43  Overseer  
  146  17:47  Zergling x2  
  146  17:48  Zergling x14  
  154  17:52  Drone x3  
  157  18:08  Overlord x3  
  157  18:20  Infestor x4  
  157  18:22  Hive  
  157  18:25  Drone  
  157  18:26  Evolution Chamber  
  165  18:29  Drone x5  
  165  18:30  Zergling x4  
  172  18:46  Zergling x22  
  181  18:55  Infestor  
  181  18:56  Infestor x2  
  185  19:10  Overlord x2  
  185  19:11  Overlord x2  
  185  19:22  Overlord  
  185  19:23  Overlord  
  184  19:30  Drone x6  
  184  19:31  Spore Crawler  
  187  19:34  Hatchery  
  187  19:35  Zerg Melee Weapons Level 3, Zerg Ground Armor Level 3  
  185  19:43  Zergling x18  
  194  19:45  Neural Parasite  
  193  20:04  Viper x2  
  199  20:28  Extractor  
  198  20:29  Extractor  
  197  20:37  Drone, Hatchery  
  197  20:50  Spore Crawler  
  197  20:52  Zergling x6  
  197  20:54  Baneling x3  
  197  21:06  Spire  
  197  21:09  Hatchery  
  194  21:12  Hatchery  
  194  21:15  Zergling x8  
  186  21:27  Zergling x24  
  186  21:32  Zergling x2  
  197  21:38  Drone x3  
  199  21:50  Baneling x17  
  199  21:51  Ultralisk  
  199  21:54  Baneling x16  
  191  22:20  Zergling x22  
  191  22:21  Zergling x8  
  185  22:42  Corruptor  
  185  22:43  Corruptor x6  
  186  22:46  Zergling x8  
  178  22:56  Zergling x8  
  181  22:59  Zergling x4  
  181  23:04  Baneling x15  
  181  23:05  Baneling x7  
  183  23:06  Infestor x2  
  183  23:07  Drone x3  
  183  23:08  Drone x3  
  183  23:09  Drone  
  183  23:10  Zergling x2  
  191  23:17  Zergling x2  
  192  23:25  Zergling x14  
  191  23:35  Zergling x6  
Show
View Real Time Build Order
Export as new Build Order

Cure Terran 

Build Orders: Reaper Expand, Hellion Banshee 

Get SALT Encoding   

  12  0:00  SCV  
  13  0:12  SCV  
  14  0:17  Supply Depot  
  14  0:24  SCV  
  15  0:38  SCV  
  15  0:39  Barracks  
  15  0:42  Refinery  
  16  0:50  SCV  
  17  1:03  SCV  
  18  1:15  SCV  
  19  1:26  Reaper  
  19  1:27  Orbital Command  
  20  1:38  Command Center  
  20  1:46  Supply Depot  
  20  1:52  SCV  
  21  1:58  Marine  
  22  2:04  SCV  
  23  2:10  Factory  
  23  2:17  SCV  
  25  2:24  Barracks Reactor  
  25  2:29  SCV  
  25  2:40  Command Center  
  25  2:41  SCV  
  26  2:50  Orbital Command  
  26  2:53  SCV  
  26  2:56  Starport  
  27  3:05  SCV, Hellion  
  30  3:07  Hellion  
  30  3:11  Refinery  
  32  3:13  Barracks Tech Lab  
  32  3:16  SCV  
  32  3:18  SCV  
  34  3:29  SCV, Hellion  
  34  3:30  SCV, Hellion  
  40  3:35  Viking  
  40  3:41  SCV  
  43  3:42  SCV  
  44  3:52  Orbital Command  
  44  3:53  SCV  
  44  3:54  SCV  
  44  3:55  Hellion x2  
  50  4:05  Supply Depot, SCV  
  50  4:06  SCV  
  52  4:12  Cloaking Field  
  52  4:13  Banshee  
  55  4:17  SCV  
  55  4:18  SCV  
  55  4:19  SCV  
  55  4:23  Barracks Tech Lab  
  58  4:28  Supply Depot  
  58  4:29  SCV  
  58  4:31  SCV x2  
  61  4:34  Barracks  
  61  4:37  Barracks  
  61  4:38  Refinery  
  61  4:42  SCV  
  61  4:43  SCV x2, Marine  
  61  4:44  Stimpack  
  61  4:45  Factory Reactor  
  65  4:50  Refinery  
  65  4:54  SCV  
  65  4:55  Supply Depot, SCV x2  
  68  5:01  Marine  
  68  5:02  Banshee  
  72  5:08  SCV x3  
  72  5:10  Engineering Bay  
  75  5:16  Engineering Bay  
  75  5:20  SCV x2  
  77  5:23  Barracks x2  
  77  5:27  Supply Depot x2  
  77  5:30  SCV  
  77  5:31  Marine  
  77  5:32  SCV x2  
  78  5:42  SCV, Marine  
  70  5:44  SCV  
  70  5:49  SCV  
  72  5:50  Terran Infantry Weapons Level 1, Terran Infantry Armor Level 1  
  72  5:54  SCV  
  72  5:55  Starport Reactor, Command Center  
  73  5:57  Marine x4  
  73  6:00  Marine  
  73  6:02  Siege Tank  
  81  6:07  SCV x3  
  84  6:12  Supply Depot, Refinery  
  84  6:13  Refinery  
  84  6:16  Marine x4  
  84  6:17  Barracks Reactor x2  
  84  6:18  Marine  
  89  6:19  SCV x3  
  92  6:26  Combat Shield  
  92  6:31  Supply Depot  
  92  6:32  Supply Depot  
  92  6:36  Siege Tank, Medivac x2  
  92  6:37  SCV x3  
  102  6:40  Marine x5  
  102  6:43  Armory  
  107  6:50  SCV x2  
  107  6:52  SCV  
  110  6:54  Factory  
  110  6:55  Marine x4  
  110  6:57  Marine x2  
  116  7:05  SCV x3  
  116  7:07  Marine x3  
  116  7:08  Medivac x2  
  126  7:12  Missile Turret  
  126  7:13  Marine  
  127  7:17  SCV x2  
  127  7:18  SCV  
  127  7:21  Siege Tank  
  133  7:24  Supply Depot  
  133  7:26  Missile Turret  
  133  7:32  Marine x4  
  133  7:33  Marine x3  
  140  7:37  Supply Depot  
  140  7:38  Supply Depot, Marine  
  140  7:39  SCV  
  140  7:40  SCV x2  
  140  7:43  Marine  
  133  7:45  Factory Tech Lab  
  133  7:46  Medivac x2  
  133  7:49  Terran Infantry Weapons Level 2  
  133  7:50  Marine x3  
  140  7:51  Planetary Fortress  
  140  7:57  Marine x4  
  147  7:58  Siege Tank  
  147  8:02  Terran Infantry Armor Level 2  
  147  8:03  Terran Vehicle Weapons Level 1  
  147  8:09  Supply Depot x2  
  147  8:10  Siege Tank  
  150  8:12  Marine x2  
  150  8:13  Marine  
  150  8:15  Marine x3  
  156  8:21  Medivac x2  
  160  8:29  Marine x3  
  160  8:30  Marine x3  
  160  8:31  Sensor Tower  
  160  8:33  SCV x3, Marine x2  
  171  8:40  Supply Depot x3  
  171  8:46  Marine  
  171  8:47  Marine x3  
  171  8:48  Marine x2  
  175  8:55  Barracks x2  
  175  8:56  Barracks  
  175  8:57  SCV x3  
  175  8:59  Marine x3  
  175  9:00  Command Center  
  175  9:01  Siege Tank  
  183  9:04  Marine  
  183  9:10  Marine x2  
  183  9:16  Marine x2  
  183  9:17  Marine x4  
  175  9:22  Siege Tank  
  179  9:25  Marine  
  179  9:27  Marine x2, Viking x2  
  179  9:30  Refinery  
  186  9:32  Refinery  
  186  9:33  Siege Tank  
  186  9:34  Marine x3  
  186  9:35  Marine x3  
  195  9:43  Marine  
  172  9:45  Marine x2  
  172  9:52  Barracks Tech Lab x3, Marine x3  
  170  9:53  Marine x3  
  170  9:55  Siege Tank  
  176  10:01  Marine  
  176  10:03  Marine x2  
  176  10:04  Ghost Academy  
  176  10:05  Siege Tank  
  182  10:10  Marine x5  
  182  10:11  Marine  
  182  10:13  Sensor Tower  
  188  10:15  Missile Turret  
  188  10:16  Missile Turret  
  188  10:19  Marine  
  188  10:21  Marine, Marauder  
  187  10:22  Marine, Marauder x2, Viking x2  
  187  10:27  Siege Tank  
  187  10:28  Marine x3  
  199  10:30  Terran Infantry Armor Level 3, Terran Vehicle Weapons Level 2, Terran Infantry Weapons Level 3  
  200  10:42  Missile Turret  
  200  10:44  Concussive Shells, Personal Cloaking  
  200  10:56  Marine  
  200  10:57  Marauder  
  200  10:58  Marine  
  200  11:01  Marine x6  
  200  11:02  Marauder x3  
  161  11:14  Marine  
  161  11:15  Marine  
  160  11:18  Marauder  
  160  11:19  Planetary Fortress, Siege Tank, Marine x6  
  160  11:21  Siege Tank  
  160  11:23  Marauder x3  
  178  11:31  Missile Turret  
  178  11:32  SCV, Marine  
  180  11:33  Marine  
  180  11:39  Missile Turret  
  183  11:40  Marine x2, Marauder  
  183  11:41  Marine x4  
  183  11:44  Ghost x3, Sensor Tower  
  195  11:51  Siege Tank  
  195  11:53  Siege Tank  
  198  12:00  Ghost  
  200  12:21  Command Center  
  200  12:23  Command Center  
  200  12:25  Starport  
  200  12:26  Fusion Core, Starport  
  200  13:10  Ghost x2  
  200  13:11  Marine x2, Marauder  
  196  13:16  Marine x4, Marauder  
  196  13:17  Siege Tank x2  
  167  13:32  Marine x2  
  167  13:33  Marine x2, Marauder  
  167  13:34  Marine x3  
  164  13:39  Planetary Fortress  
  167  13:42  Marine  
  167  13:44  Barracks  
  167  13:45  Barracks  
  167  13:47  Barracks  
  120  14:08  Orbital Command  
  113  14:20  Orbital Command  
  70  14:48  Barracks Tech Lab x3  
  70  14:49  Barracks Tech Lab x2  
  70  14:50  Orbital Command  
  70  14:51  Barracks Tech Lab  
  70  14:52  Engineering Bay  
  62  15:09  Marauder x2  
  62  15:10  Marauder  
  62  15:11  Ghost Academy  
  57  15:20  Engineering Bay  
  57  15:28  SCV  
  58  15:29  SCV  
  58  15:30  Marauder  
  58  15:31  Marauder x2  
  65  15:45  Barracks Tech Lab  
  65  15:47  SCV x2  
  67  15:50  Barracks Tech Lab  
  67  15:51  Ghost x2  
  67  15:52  Ghost, Command Center  
  73  15:57  Orbital Command  
  73  15:58  Factory Reactor  
  73  15:59  SCV x2  
  75  16:07  Barracks Tech Lab  
  75  16:11  Missile Turret  
  75  16:16  Barracks Reactor  
  75  16:17  Missile Turret, Barracks Reactor  
  75  16:18  Orbital Command  
  75  16:22  Barracks Tech Lab, Starport Reactor  
  75  16:24  Supply Depot, Refinery x2  
  75  16:25  Supply Depot  
  75  16:27  Supply Depot  
  75  16:45  Ghost x2  
  75  16:46  SCV x4, Ghost x3  
  89  16:49  Supply Depot  
  89  16:50  Supply Depot  
  89  16:52  SCV  
  90  16:55  Marine x3  
  90  16:58  SCV x4, Marine  
  98  17:04  SCV  
  97  17:10  SCV  
  97  17:11  SCV, Missile Turret  
  97  17:13  Marine  
  97  17:14  Ghost  
  97  17:15  Marauder x2  
  106  17:20  Orbital Command  
  106  17:22  Marine  
  107  17:23  Marine  
  107  17:27  Marine  
  109  17:33  Marauder  
  109  17:34  Marauder  
  109  17:35  Marine  
  114  17:50  Ghost x2  
  118  17:52  SCV  
  118  17:53  SCV x3  
  118  17:54  SCV  
  122  18:05  SCV x3  
  125  18:07  Refinery  
  125  18:09  Refinery  
  125  18:10  Liberator  
  128  18:16  Marine  
  130  18:20  SCV  
  130  18:22  Missile Turret  
  130  18:23  Supply Depot  
  130  18:25  Missile Turret  
  130  18:27  Supply Depot  
  130  18:29  SCV x2  
  130  18:45  SCV  
  131  18:52  Liberator  
  131  18:53  Liberator  
  135  19:03  Marine x4  
  135  19:04  Marauder x2  
  143  19:13  SCV x2  
  143  19:15  SCV  
  146  19:19  Marine  
  146  19:22  Marine  
  146  19:24  Supply Depot x2  
  146  19:25  Supply Depot  
  146  19:32  Marine x2  
  146  19:34  Supply Depot  
  146  19:38  Orbital Command  
  146  19:44  Supply Depot  
  146  19:45  Marine x3, Ghost  
  146  19:46  Marauder x3  
  146  19:50  Marine, Missile Turret, Marauder  
  157  19:56  Missile Turret  
  157  20:02  SCV  
  157  20:03  SCV  
  157  20:04  SCV x2  
  161  20:12  Supply Depot  
  161  20:16  Liberator x2  
  167  20:22  Ghost, Sensor Tower  
  167  20:23  Marine  
  170  20:30  SCV x3  
  173  20:47  Starport  
  173  20:48  SCV x4  
  177  20:50  Fusion Core, Refinery  
  177  21:00  Missile Turret  
  177  21:09  Liberator x2  
  157  21:27  Marine x5, Ghost x2  
  157  21:28  Marauder x2  
  157  21:29  Starport Reactor  
  157  21:30  SCV x3  
  157  21:31  SCV  
  171  21:43  Missile Turret  
  171  21:45  Marine x4  
  171  21:46  Marauder  
  174  21:49  Marine, Marauder  
  177  21:56  Marauder  
  177  21:57  Marine  
  186  22:03  Marine x3  
  186  22:05  Sensor Tower  
  141  22:51  Marine x4  
  141  22:52  Marauder  
  141  22:57  Liberator  
  149  23:00  Supply Depot, Orbital Command  
  149  23:01  Supply Depot  
  149  23:02  Supply Depot  
  149  23:04  Supply Depot  
  149  23:10  Missile Turret  
  149  23:12  Supply Depot  
  149  23:22  Marine x4, Marauder  
  158  23:39  Marine x3  
  158  23:40  Marine  
Tags
 
Add a new tag
Caveats
  • Supply blocks, unpowered buildings, or Contaminate may cause inaccurate times.
  • Supply counts are checked every 10 seconds.